[Event "Titled Tuesday Blitz November 01 Early 2022"]
[White "Yurasova, Daria"]
[Black "Costachi, Mihnea"]
[WhiteFideId "34146919"]
[BlackFideId "1217518"]
[WhiteElo "2044"]
[BlackElo "2437"]
[Result "1/2-1/2"]
[Round "02"]
[TimeControl "180+1"]
[Date "2022.11.02"]
[WhiteClock "0:00:05"]
[BlackClock "0:00:03"]

1. d4 g6 2. c3 Bg7 3. e4 c5 4. Nf3 d5 5. e5 f6 6. exf6 Nxf6 7. dxc5 O-O 8. Be2 Nc6 9. O-O e5 10. b4 e4 11. Nd4 Ne5 12. Bf4 Qe7 13. Na3 Kh8 14. Nab5 Nfg4 15. Bg3 h5 16. Nd6 Bd7 17. Nc2 h4 18. Bxe5 Nxe5 19. Ne3 Qg5 20. Qxd5 Bh3 21. Qxe4 Rf4 22. Qxb7 Raf8 23. Ne4 Qh6 24. gxh3 R8f7 25. Qa8+ Rf8 26. Qd5 Rf3 27. Kh1 Rxh3 28. Ng2 Rff3 29. Bxf3 Nxf3 30. Qd8+ Kh7 31. Qd6 Rxh2+ 32. Qxh2 Nxh2 33. Kxh2 h3 34. Ne3 Be5+ 35. Kh1 Qf4 36. Ng3 Qf3+ 37. Kh2 Bxg3+ 38. fxg3 Qxe3 39. Kxh3 Qxc3 40. Rab1 g5 41. Kg4 Kg6 42. Kh3 Kh5 43. Kg2 Kg4 44. Kf2 Qc2+ 45. Ke3 Qc3+ 46. Ke4 Qc4+ 47. Ke5 Kxg3 48. Rg1+ Kf3 49. Rgf1+ Kg4 50. Kd6 Kh5 51. c6 Qd4+ 52. Kc7 Qb6+ 53. Kd7 Qd4+ 54. Kc8 Qh8+ 55. Kb7 Qd4 56. Rh1+ Kg6 57. Rhd1 Qb6+ 58. Kc8 Qxc6+ 59. Kd8 g4 60. Rbc1 Qf6+ 61. Kd7 Qf5+ 62. Kc6 Qe4+ 63. Kc5 g3 64. Rd6+ Kg5 65. Rcd1 Qc2+ 66. Kb5 g2 67. R6d5+ Kf4 68. R5d4+ Ke3 69. Rd8 Qe2+ 70. Ka5 Qxa2+ 71. Kb5 Kf3 72. Rf8+ Ke4 73. Re8+ Kf3 74. Rf8+ Ke2 75. Rfd8 Qf7 76. R8d2+ Kf3 77. Rd3+ Ke4 78. Rd4+ Ke5 79. R4d2 Qb7+ 80. Ka4 Qa6+ 81. Kb3 Qe6+ 82. Kb2 Qg4 83. Re1+ Kf5 84. Rdd1 Qxb4+ 85. Kc2 Qc4+ 86. Kd2 Qc5 87. Ke2 Kf4 88. Kd3 Kf3 89. Kd2 Qd4+ 90. Kc2 Qc4+ 91. Kb2 a5 92. Rc1 Qb4+ 93. Ka2 a4 94. Rb1 Qd2+ 95. Ka3 Qd4 96. Red1 Qc4 97. Rdc1 Qe4 98. Re1 Qf4 99. Rf1+ gxf1=Q 100. Rxf1+ Ke3 101. Rxf4 Kxf4 102. Kxa4 1/2-1/2


[Site "https://www.chess.com"]

[Event "Titled Tuesday Blitz November 01 Early 2022"]
[White "Zacurdajev, Dmitry"]
[Black "Arbunic Castro, Giovanna"]
[WhiteFideId "4196309"]
[BlackFideId "3400549"]
[WhiteElo "2179"]
[BlackElo "1852"]
[Result "1-0"]
[Round "02"]
[TimeControl "180+1"]
[Date "2022.11.02"]
[WhiteClock "0:00:11"]
[BlackClock "0:00:05"]

1. d4 Nf6 2. c4 g6 3. Nc3 Bg7 4. e4 d6 5. Be2 O-O 6. Nf3 Nbd7 7. O-O e5 8. Be3 Re8 9. d5 Nc5 10. Nd2 c6 11. dxc6 bxc6 12. Bxc5 dxc5 13. Nb3 Qe7 14. Qc2 Be6 15. Na4 Nd7 16. Rfd1 f5 17. Qd3 Rab8 18. Qd6 fxe4 19. Qxc6 Rb4 20. Naxc5 Nxc5 21. Nxc5 Rxb2 22. Nxe6 Qxe6 23. Qxe6+ Rxe6 24. Bg4 Rc6 25. Bd7 Rc5 26. Be6+ Kf8 27. Rd7 Bh6 28. Rxh7 Bf4 29. g3 Bg5 30. Rxa7 1-0


[Site "https://www.chess.com"]

[Event "Titled Tuesday Blitz November 01 Early 2022"]
[White "Zakhartsov, Vladimir"]
[Black "Orlov, Georgi"]
[WhiteFideId "4145097"]
[BlackFideId "2011271"]
[WhiteElo "2492"]
[BlackElo "2571"]
[Result "1-0"]
[Round "02"]
[TimeControl "180+1"]
[Date "2022.11.02"]
[WhiteClock "0:01:27"]
[BlackClock "0:01:22"]

1. e4 b5 2. Bxb5 Bb7 3. d3 e6 4. Nf3 c5 5. O-O Nf6 6. c3 Be7 7. Re1 O-O 8. Ba4 Nc6 9. Bc2 d5 10. Nbd2 Qc7 11. Qe2 Rfd8 12. Nf1 d4 13. N1d2 Ba6 14. Nc4 Bxc4 15. dxc4 dxc3 16. bxc3 Qa5 17. e5 Qxc3 18. Bb2 1-0


[Site "https://www.chess.com"]

[Event "Titled Tuesday Blitz November 01 Early 2022"]
[White "Zhigalko, Sergei"]
[Black "Tleptsok, Ruslan"]
[WhiteFideId "13502956"]
[BlackFideId "24104485"]
[WhiteElo "2662"]
[BlackElo "2130"]
[Result "1-0"]
[Round "02"]
[TimeControl "180+1"]
[Date "2022.11.01"]
[WhiteClock "0:00:07"]
[BlackClock "0:00:45"]

1. e4 d5 2. exd5 Nf6 3. d4 Bg4 4. Bb5+ Nbd7 5. Be2 Bxe2 6. Qxe2 Nb6 7. c4 Qd7 8. Nf3 O-O-O 9. Nc3 e6 10. dxe6 Qxe6 11. Qxe6+ fxe6 12. b3 Bb4 13. Bd2 Rhe8 14. O-O-O Bxc3 15. Bxc3 Ne4 16. Be1 c5 17. Rf1 Nd7 18. Kc2 e5 19. dxc5 Ndxc5 20. Rxd8+ Rxd8 21. Nxe5 Re8 22. Nf3 Re6 23. Bb4 Rg6 24. Bxc5 Nxc5 25. g3 Ra6 26. a4 Rb6 27. Nd4 Rh6 28. h4 Ne4 29. Kd3 Nc5+ 30. Kc2 Ne4 31. Ne2 Rf6 32. Nf4 h6 33. h5 Rf5 34. Kd3 Nc5+ 35. Kc3 Ne4+ 36. Kd4 Nd2 37. Rd1 Nxb3+ 38. Ke4 Rf7 39. Ne6 b6 40. f4 Nc5+ 41. Nxc5 bxc5 42. Rd5 Rc7 43. Kf5 Rc6 44. g4 Kc7 45. g5 Kb6 46. Rd7 Ka5 47. Rxa7+ Kb4 48. Rxg7 Kxc4 49. g6 Kb4 50. Rb7+ Kxa4 51. g7 Rc8 52. Kg6 c4 53. f5 c3 54. Rb1 c2 55. Rc1 Kb3 56. Kh7 Kb2 57. Rxc2+ Kxc2 58. g8=Q Rxg8 59. Kxg8 1-0


[Site "https://www.chess.com"]

[Event "Titled Tuesday Blitz November 01 Early 2022"]
[White "Zhu, Jiner"]
[Black "Rios Escobar, Adan"]
[WhiteFideId "8608059"]
[BlackFideId "3403645"]
[WhiteElo "2384"]
[BlackElo "2379"]
[Result "1-0"]
[Round "02"]
[TimeControl "180+1"]
[Date "2022.11.02"]
[WhiteClock "0:01:08"]
[BlackClock "0:00:02"]

1. c4 Nf6 2. Nc3 g6 3. e4 d6 4. d4 Bg7 5. Be2 O-O 6. Be3 Nc6 7. Nf3 e5 8. O-O Ng4 9. Bg5 f6 10. Bh4 exd4 11. Nxd4 Nxd4 12. Qxd4 Qe8 13. Qd1 Nh6 14. f3 Be6 15. Nd5 Qf7 16. Qd2 f5 17. Bg5 Bxd5 18. cxd5 f4 19. g3 Kh8 20. Bxf4 Ng8 21. Be3 b6 22. Rac1 Rae8 23. Kg2 Re7 24. b3 Nf6 25. Bd3 a5 26. Rc2 Nh5 27. Be2 Nf6 28. Rfc1 Ne8 29. Qd3 Nf6 30. Rc4 Ne8 31. f4 Nf6 32. Bf3 h5 33. Qc2 Ne8 34. h4 Kg8 35. Qd3 Nf6 36. Bd4 Ne8 37. Qc3 Bxd4 38. Qxd4 Kh7 39. R4c3 Re5 40. fxe5 dxe5 41. Qxe5 1-0


[Site "https://www.chess.com"]

[Event "Titled Tuesday Blitz November 01 Early 2022"]
[White "Ziatdinov, Raset"]
[Black "Wieczorek, Oskar"]
[WhiteFideId "2015323"]
[BlackFideId "1133950"]
[WhiteElo "2220"]
[BlackElo "2404"]
[Result "0-1"]
[Round "02"]
[TimeControl "180+1"]
[Date "2022.11.02"]
[WhiteClock "0:01:47"]
[BlackClock "0:00:47"]

1. e4 e5 2. Nf3 Nc6 3. Bb5 a6 4. Bxc6 dxc6 5. O-O Qf6 6. d4 Bg4 7. dxe5 Qe6 8. Nc3 Rd8 9. Qe2 Ne7 10. Bg5 h6 11. Bh4 g5 12. Bg3 Ng6 13. Rad1 Bg7 14. Rxd8+ Kxd8 15. Nd4 Bxe2 16. Nxe6+ fxe6 17. Nxe2 Nxe5 18. Rd1+ Ke7 19. f3 c5 20. Kf2 a5 21. h4 a4 22. hxg5 hxg5 23. Nc3 a3 24. bxa3 Ra8 25. a4 c6 26. Ke2 Nc4 27. Rd3 Nb2 28. Bd6+ Kf7 29. Bxc5 Nxd3 30. Kxd3 Bxc3 31. Kxc3 Rxa4 32. a3 b5 33. Kd3 e5 34. c3 Kf6 35. Bb6 Rxa3 36. Bc7 b4 37. Bd8+ Ke6 0-1


[Site "https://www.chess.com"]

[Event "Titled Tuesday Blitz November 01 Early 2022"]
[White "Zilleruelo Irizarry, Diego"]
[Black "Olsen, Filip Boe"]
[WhiteFideId "3101460"]
[BlackFideId "1440640"]
[WhiteElo "1998"]
[BlackElo "2333"]
[Result "0-1"]
[Round "02"]
[TimeControl "180+1"]
[Date "2022.11.02"]
[WhiteClock "0:01:14"]
[BlackClock "0:01:27"]

1. e4 c6 2. d4 d5 3. exd5 cxd5 4. Bd3 Nf6 5. h3 g6 6. Nf3 Bf5 7. O-O Nc6 8. c3 Bxd3 9. Qxd3 Qc7 10. Re1 Bg7 11. Ne5 Ne4 12. Nxc6 bxc6 13. Nd2 f5 14. Nb3 O-O 15. f3 Ng3 16. Nc5 e5 17. Ne6 Qd6 18. Nxf8 e4 19. fxe4 fxe4 20. Qc2 Rxf8 21. Be3 Nf5 22. Bf2 Bh6 23. Re2 e3 24. Be1 Ng3 25. Bxg3 Qxg3 26. Rf1 Rxf1+ 27. Kxf1 Qh2 28. Re1 Qh1+ 29. Ke2 Qxg2+ 30. Kd3 Qe4+ 0-1


[Site "https://www.chess.com"]

[Event "Titled Tuesday Blitz November 01 Early 2022"]
[White "parintele_chess"]
[Black "Petrovic, Aleksa"]
[BlackFideId "967629"]
[WhiteElo "2215"]
[BlackElo "2242"]
[Result "0-1"]
[Round "02"]
[TimeControl "180+1"]
[Date "2022.11.02"]
[WhiteClock "0:01:00"]
[BlackClock "0:01:30"]

1. d4 d5 2. c4 c6 3. e3 Nf6 4. Nc3 Nbd7 5. Nf3 e6 6. Bd3 dxc4 7. Bxc4 b5 8. Bd3 Bb7 9. O-O a6 10. e4 c5 11. d5 exd5 12. exd5 Be7 13. Bf4 Nxd5 14. Nxd5 Bxd5 15. Bxb5 axb5 16. Qxd5 O-O 17. Rad1 Nf6 18. Qe5 Qe8 19. Rfe1 Ra7 20. Qc3 Qa8 21. Nh4 Nd5 22. Qg3 Nxf4 23. Qxf4 Ra4 24. Qxa4 Qxa4 25. b3 Qxh4 0-1


[Site "https://www.chess.com"]

[Event "Titled Tuesday Blitz November 01 Early 2022"]
[White "Agasarov, Benik"]
[Black "Shubenkova, Veronika"]
[WhiteFideId "13314823"]
[BlackFideId "44124040"]
[WhiteElo "2152"]
[BlackElo "2027"]
[Result "1-0"]
[Round "03"]
[TimeControl "180+1"]
[Date "2022.11.02"]
[WhiteClock "0:01:35"]
[BlackClock "0:01:17"]

1. d4 d5 2. c4 e6 3. Nc3 Nf6 4. Nf3 c6 5. e3 Bd6 6. Bd3 O-O 7. e4 dxe4 8. Nxe4 Be7 9. O-O Nbd7 10. Bf4 Nxe4 11. Bxe4 Nf6 12. Bc2 b6 13. Qe2 Bb7 14. Rad1 Qc8 15. h3 Rd8 16. Rfe1 Bb4 17. Rf1 c5 18. a3 Ba5 19. Bg5 Qc7 20. Bxf6 gxf6 21. d5 exd5 22. cxd5 Rxd5 23. Qe4 Rh5 24. Qg4+ Rg5 25. Nxg5 fxg5 26. Qxg5+ Kf8 27. Qh6+ Ke8 28. Rfe1+ Bxe1 29. Rxe1+ Kd7 30. Bf5+ Kd8 31. Qf8# 1-0


[Site "https://www.chess.com"]

[Event "Titled Tuesday Blitz November 01 Early 2022"]
[White "Al Hosani, Omran"]
[Black "Melikhov, Evgeny V."]
[WhiteFideId "9308733"]
[BlackFideId "4122046"]
[WhiteElo "2167"]
[BlackElo "2169"]
[Result "1/2-1/2"]
[Round "03"]
[TimeControl "180+1"]
[Date "2022.11.02"]
[WhiteClock "0:00:07"]
[BlackClock "0:00:16"]

1. d4 Nf6 2. c4 e6 3. Nc3 Bb4 4. a3 Bxc3+ 5. bxc3 d5 6. cxd5 Nxd5 7. Bd2 O-O 8. e4 Ne7 9. Bd3 c5 10. Nf3 Nbc6 11. Be3 cxd4 12. cxd4 Qa5+ 13. Qd2 Qxd2+ 14. Kxd2 Rd8 15. Rhc1 Bd7 16. Rab1 b6 17. Ke2 Be8 18. Ba6 Rab8 19. Bf4 e5 20. dxe5 Nd4+ 21. Nxd4 Rxd4 22. e6 Rbd8 23. Be3 Rxe4 24. Rc7 Rxe6 25. Rxa7 Nd5 26. Rc1 Nxe3 27. fxe3 Bc6 28. Bc4 Rf6 29. Rxf7 Rxf7 30. Bxf7+ Kxf7 31. Rxc6 Ra8 32. Rc3 Ra4 33. Kf3 b5 34. Rb3 Kf6 35. e4 h6 36. Kf4 g5+ 37. Kf3 Ra5 38. Kg4 Ra4 39. Re3 b4 40. axb4 Rxb4 41. Kh5 Rb2 42. Kxh6 Rxg2 43. e5+ Ke6 44. h3 g4 45. hxg4 Rxg4 46. Kh5 Rg8 47. Kh4 Rg7 48. Kh5 Rg8 49. Kh6 Rg4 50. Kh5 Rg8 1/2-1/2


[Site "https://www.chess.com"]

[Event "Titled Tuesday Blitz November 01 Early 2022"]
[White "Al-Tarboush, Ward"]
[Black "Perez Rodriguez, Jennifer"]
[WhiteFideId "7601450"]
[BlackFideId "3507831"]
[WhiteElo "2269"]
[BlackElo "2170"]
[Result "1-0"]
[Round "03"]
[TimeControl "180+1"]
[Date "2022.11.02"]
[WhiteClock "0:01:38"]
[BlackClock "0:00:54"]

1. e4 e5 2. Nf3 Nc6 3. Bb5 f5 4. Nc3 fxe4 5. Nxe4 Nf6 6. Nxf6+ Qxf6 7. Qe2 Be7 8. Bxc6 bxc6 9. Qxe5 Qxe5+ 10. Nxe5 O-O 11. d3 Bf6 12. Nf3 Re8+ 13. Kd1 Rb8 14. c3 c5 15. Re1 Rf8 16. Kc2 d6 17. Be3 Bb7 18. Rad1 Rbe8 19. d4 cxd4 20. cxd4 Be4+ 21. Kc1 Bd8 22. Bd2 Bxf3 23. Rxe8 Rxe8 24. gxf3 Rf8 25. f4 Rf5 26. Be3 Rh5 27. Rh1 Rh3 28. Kd2 d5 29. Ke2 Kf7 30. Kf1 Ke6 31. Kg2 Rh5 32. Rc1 Kd6 33. Bd2 Bf6 34. Bb4+ Kd7 35. Bc5 a6 36. Rc3 Rh4 37. Kg3 h5 38. h3 g5 39. fxg5 Bxg5 40. Rf3 Re4 41. Rf5 h4+ 42. Kg2 Bc1 43. Rxd5+ Kc6 44. Rh5 Bxb2 45. Kf3 Re6 46. d5+ 1-0


[Site "https://www.chess.com"]

[Event "Titled Tuesday Blitz November 01 Early 2022"]
[White "Alahakoon, Isuru"]
[Black "Novik, Maxim"]
[WhiteFideId "9900993"]
[BlackFideId "4102924"]
[WhiteElo "2062"]
[BlackElo "2312"]
[Result "1-0"]
[Round "03"]
[TimeControl "180+1"]
[Date "2022.11.02"]
[WhiteClock "0:00:11"]
[BlackClock "0:00:53"]

1. Nf3 c5 2. c3 b6 3. d4 Bb7 4. g3 Nf6 5. Bg2 e6 6. O-O Be7 7. Re1 O-O 8. Nbd2 d5 9. Ne5 Nbd7 10. f4 Nxe5 11. fxe5 Nd7 12. e4 cxd4 13. cxd4 dxe4 14. Nxe4 Bd5 15. Qg4 Kh8 16. Qh5 f5 17. Ng5 Bxg5 18. Bxg5 Qe8 19. Qxe8 Rfxe8 20. Bxd5 exd5 21. Rac1 Nf8 22. Rc3 Ne6 23. Be3 Rac8 24. Rec1 Rxc3 25. Rxc3 Kg8 26. Kf2 Kf7 27. Ke2 Ke7 28. Kd3 Kd7 29. Ra3 a6 30. Rxa6 Rc8 31. Rxb6 Rc7 32. a4 g5 33. b4 Rc6 34. Rb7+ Rc7 35. Rb5 f4 36. Rxd5+ Ke7 37. gxf4 gxf4 38. Bf2 Rc1 39. Bh4+ Kf7 40. Rd7+ Kg6 41. Rd6 Kf5 42. a5 Rd1+ 43. Kc4 f3 44. a6 Ra1 45. b5 Nf4 46. Rf6+ Ke4 47. Rxf4+ Kxf4 48. e6 Kg4 49. Bg3 h5 50. e7 Rc1+ 51. Kd5 Rc8 52. Kd6 h4 53. Bf2 Kh3 54. Kd7 Rg8 55. e8=Q Rxe8 56. Kxe8 Kxh2 57. a7 h3 58. a8=Q Kg2 59. Be3 h2 60. Qa1 h1=Q 61. Qxh1+ Kxh1 62. b6 Kg2 63. b7 Kf1 64. b8=Q Ke2 65. Qb3 f2 66. Bxf2 Kxf2 67. d5 1-0


[Site "https://www.chess.com"]

[Event "Titled Tuesday Blitz November 01 Early 2022"]
[White "Amgalantengis, Enkh-Amgalan"]
[Black "Nasuta, Grzegorz"]
[WhiteFideId "4903536"]
[BlackFideId "1141686"]
[WhiteElo "1772"]
[BlackElo "2442"]
[Result "1-0"]
[Round "03"]
[TimeControl "180+1"]
[Date "2022.11.02"]
[WhiteClock "0:01:59"]
[BlackClock "0:00:47"]

1. d4 Nf6 2. Nf3 g6 3. c4 c5 4. Nc3 Bg7 5. g3 O-O 6. Bg2 d6 7. O-O Nc6 8. b3 cxd4 9. Nxd4 Bd7 10. Bb2 Qa5 11. e4 Nxd4 12. Qxd4 Bc6 13. Rad1 Nxe4 14. Qxg7+ Kxg7 15. Nxe4+ f6 16. a3 Rac8 17. Rfe1 Qc7 18. Nc3 Bxg2 19. Kxg2 Kf7 20. Nd5 Qc6 21. Kg1 e5 22. Rd3 b5 23. Nb4 Qb7 24. cxb5 Qxb5 25. Rxd6 a5 26. Nd5 Rfd8 27. Rxf6+ Kg7 28. Rxe5 Qxb3 29. Rb6 Qd1+ 30. Re1+ 1-0


[Site "https://www.chess.com"]

[Event "Titled Tuesday Blitz November 01 Early 2022"]
[White "Aponte Ramos, Argimiro"]
[Black "Jean Louis, Marckens"]
[WhiteFideId "3900568"]
[BlackFideId "11900270"]
[WhiteElo "2216"]
[BlackElo "2030"]
[Result "0-1"]
[Round "03"]
[TimeControl "180+1"]
[Date "2022.11.02"]
[WhiteClock "0:00:03"]
[BlackClock "0:01:23"]

1. e4 e6 2. d3 d5 3. Nd2 Nf6 4. Ngf3 c5 5. g3 Be7 6. Bg2 O-O 7. O-O b6 8. Re1 Bb7 9. e5 Ne8 10. h4 Nc6 11. Nf1 c4 12. d4 c3 13. b3 b5 14. a4 bxa4 15. Rxa4 Nb4 16. N1h2 a5 17. h5 Bc6 18. Ra1 a4 19. bxa4 Rxa4 20. Rb1 Ra2 21. Ng4 Rxc2 22. Bh6 Ra2 23. Qc1 Nd3 24. Qe3 Nxe1 25. Rxe1 c2 26. Qf4 Rb2 27. Bg5 Rb1 28. Bxe7 Rxe1+ 29. Nxe1 Qxe7 30. Nxc2 f6 31. exf6 Nxf6 32. Ne5 Ba4 33. Qg5 Bxc2 34. h6 Re8 0-1


[Site "https://www.chess.com"]

[Event "Titled Tuesday Blitz November 01 Early 2022"]
[White "Arabidze, Meri"]
[Black "Madaminov, Mukhiddin"]
[WhiteFideId "13604040"]
[BlackFideId "14210703"]
[WhiteElo "2403"]
[BlackElo "2341"]
[Result "0-1"]
[Round "03"]
[TimeControl "180+1"]
[Date "2022.11.01"]
[WhiteClock "0:00:05"]
[BlackClock "0:00:45"]

1. d4 Nf6 2. Nf3 e6 3. g3 c5 4. Bg2 cxd4 5. Nxd4 d5 6. O-O e5 7. Nf3 Nc6 8. c4 Be6 9. Ng5 Bc5 10. Nxe6 fxe6 11. Nc3 Ne7 12. Bg5 e4 13. b4 Bb6 14. Nb5 O-O 15. c5 Bc7 16. Nd4 Qd7 17. Bh3 Nf5 18. Nxf5 exf5 19. Qd4 Rad8 20. Rad1 Qe6 21. e3 Be5 22. Qd2 d4 23. exd4 Rxd4 24. Qxd4 Bxd4 25. Rxd4 Nd7 26. Rd6 Qf7 27. Bf4 Qh5 28. Rxd7 Qxh3 29. Be5 Re8 30. Rxg7+ Kf8 31. Bb2 Rd8 32. Rxb7 f4 33. Be5 f3 0-1


[Site "https://www.chess.com"]

[Event "Titled Tuesday Blitz November 01 Early 2022"]
[White "Arbunic Castro, Giovanna"]
[Black "parintele_chess"]
[WhiteFideId "3400549"]
[WhiteElo "1849"]
[BlackElo "2212"]
[Result "0-1"]
[Round "03"]
[TimeControl "180+1"]
[Date "2022.11.02"]
[WhiteClock "0:00:10"]
[BlackClock "0:00:26"]

1. e4 e5 2. d4 exd4 3. Qxd4 Nc6 4. Qe3 Nf6 5. Nc3 Bb4 6. Bd2 O-O 7. O-O-O d6 8. f3 Be6 9. g4 Bc5 10. Qe1 Ne5 11. Qg3 Nc4 12. Bxc4 Bxc4 13. g5 Nh5 14. Qg4 g6 15. f4 b5 16. Nf3 b4 17. Na4 Bf2 18. f5 Bb5 19. b3 Bxa4 20. bxa4 Qd7 21. Rhf1 Bb6 22. Bxb4 Qxa4 23. Bc3 Be3+ 24. Nd2 Rab8 25. Qf3 Qa3+ 0-1


[Site "https://www.chess.com"]

[Event "Titled Tuesday Blitz November 01 Early 2022"]
[White "Ardila, Oscar Humberto"]
[Black "Fathy, Elameir"]
[WhiteFideId "4404742"]
[BlackFideId "10600396"]
[WhiteElo "1898"]
[BlackElo "2311"]
[Result "0-1"]
[Round "03"]
[TimeControl "180+1"]
[Date "2022.11.02"]
[WhiteClock "0:00:16"]
[BlackClock "0:00:32"]

1. d4 d5 2. c4 e6 3. Nc3 c6 4. e3 f5 5. Nf3 Nf6 6. Bd2 Bd6 7. Bd3 O-O 8. Qc2 Ne4 9. c5 Bc7 10. Rf1 b6 11. Bxe4 fxe4 12. Ne5 bxc5 13. O-O-O Ba6 14. Na4 Bxf1 15. Rxf1 Bxe5 16. dxe5 c4 17. Bb4 Nd7 18. Bd6 Rf5 19. Qc3 Qg5 20. g4 Qxg4 21. Nc5 Nxc5 22. Bxc5 Qe2 23. Re1 Qd3 24. Qxd3 cxd3 25. Rf1 Rxe5 26. Kd2 Rh5 27. Bd6 Rd8 28. Bg3 c5 29. Rc1 c4 30. b3 Rc8 31. bxc4 dxc4 32. Kc3 Rd5 33. Rd1 e5 34. Rd2 Kf7 35. Bh4 h6 36. Bg3 g5 37. h4 Kg6 38. hxg5 Kxg5 39. a4 h5 40. Bh2 Kg4 41. Rd1 d2 42. Rxd2 Rxd2 43. Kxd2 c3+ 44. Kc2 Kf3 45. Bg3 Rg8 46. Bh4 Rg4 47. Bf6 Kxf2 48. Kxc3 Kxe3 49. Bxe5 h4 50. a5 h3 51. Bb8 a6 52. Ba7+ Ke2 53. Bb8 e3 54. Bc7 Rg2 55. Kc4 h2 56. Bxh2 Rxh2 0-1


[Site "https://www.chess.com"]

[Event "Titled Tuesday Blitz November 01 Early 2022"]
[White "Aydin, Gulenay"]
[Black "Troltenier, Dirk"]
[WhiteFideId "34557431"]
[BlackFideId "4606400"]
[WhiteElo "2009"]
[BlackElo "2339"]
[Result "1-0"]
[Round "03"]
[TimeControl "180+1"]
[Date "2022.11.02"]
[WhiteClock "0:00:07"]
[BlackClock "0:00:10"]

1. e4 e5 2. Nf3 d6 3. d4 exd4 4. Nxd4 Nf6 5. Nc3 Be7 6. Bd3 O-O 7. h3 Re8 8. O-O Nbd7 9. f4 Bf8 10. Be3 d5 11. e5 c5 12. exf6 Nxf6 13. Bf2 cxd4 14. Bxd4 Ne4 15. Re1 f5 16. b3 Be6 17. Nxe4 dxe4 18. Be2 Qc7 19. Bb2 Rad8 20. Qc1 Bc5+ 21. Kh1 Qb6 22. c4 Be3 23. Qc3 Bd4 24. Qc2 Bxb2 25. Qxb2 Qf2 26. Rf1 Qe3 27. Rad1 Rxd1 28. Bxd1 Rd8 29. Qe5 Kf7 30. b4 Qd4 31. Qa5 Qxc4 32. Rg1 Rd7 33. Bb3 Qc7 34. Qxf5+ Ke8 35. Qxe6+ Re7 36. Qg8+ Kd7 37. Rd1+ Kc6 38. Qd5+ Kb6 39. Qd4+ Kb5 40. a4+ Ka6 41. Bc4+ b5 42. Bxb5+ Kb7 43. Qd5+ Kb8 44. Ba6 e3 45. Qb5+ Qb6 46. Rd8+ Kc7 47. Rc8+ Kd6 48. Qd3+ Ke6 49. Bc4+ Kf6 50. Rf8+ Rf7 51. Rxf7# 1-0


[Site "https://www.chess.com"]

[Event "Titled Tuesday Blitz November 01 Early 2022"]
[White "Bagwe Gaurang"]
[Black "Itkis, Boris"]
[WhiteFideId "45039895"]
[BlackFideId "1209167"]
[WhiteElo "1931"]
[BlackElo "2232"]
[Result "1-0"]
[Round "03"]
[TimeControl "180+1"]
[Date "2022.11.02"]
[WhiteClock "0:01:27"]
[BlackClock "0:00:45"]

1. e4 c6 2. d4 d5 3. Nc3 dxe4 4. Nxe4 Nf6 5. Nxf6+ exf6 6. c3 Bd6 7. Bd3 Na6 8. Ne2 Nc7 9. O-O h5 10. Bf4 Nd5 11. Bxd6 Qxd6 12. Re1 Kf8 13. c4 Ne7 14. Ng3 h4 15. Ne4 Qxd4 16. Qf3 f5 17. Rad1 fxe4 18. Bxe4 Qb6 19. c5 Qc7 20. Qf4 Nd5 21. Qxc7 Nxc7 22. Rd8+ Ne8 23. Bf5 Bxf5 24. Rexe8# 1-0


[Site "https://www.chess.com"]

[Event "Titled Tuesday Blitz November 01 Early 2022"]
[White "Barria Zuniga, Daniel"]
[Black "Toshali, V"]
[WhiteFideId "3400816"]
[BlackFideId "5072611"]
[WhiteElo "2414"]
[BlackElo "1973"]
[Result "1-0"]
[Round "03"]
[TimeControl "180+1"]
[Date "2022.11.02"]
[WhiteClock "0:00:25"]
[BlackClock "0:00:15"]

1. c4 c6 2. g3 d5 3. Bg2 Nf6 4. Nf3 Bg4 5. O-O e6 6. d3 Nbd7 7. Nc3 Bd6 8. h3 Bh5 9. g4 Bg6 10. Nh4 Rc8 11. e3 Bb8 12. f4 Qc7 13. Nxg6 hxg6 14. b3 g5 15. Ba3 d4 16. exd4 gxf4 17. Ne4 Nxe4 18. dxe4 f3 19. Qxf3 Qh2+ 20. Kf2 Nf6 21. e5 Nd7 22. Rae1 c5 23. Rh1 Nxe5 24. dxe5 Bxe5 25. Rxh2 Bxh2 26. Qxb7 1-0


[Site "https://www.chess.com"]

[Event "Titled Tuesday Blitz November 01 Early 2022"]
[White "Beerdsen, Thomas"]
[Black "Gubajdullin, Alexei"]
[WhiteFideId "1030108"]
[BlackFideId "4141202"]
[WhiteElo "2567"]
[BlackElo "2200"]
[Result "1-0"]
[Round "03"]
[TimeControl "180+1"]
[Date "2022.11.01"]
[WhiteClock "0:00:44"]
[BlackClock "0:00:04"]

1. e4 g6 2. d3 Bg7 3. h4 h6 4. Nc3 c6 5. h5 g5 6. f4 gxf4 7. Bxf4 d5 8. Nf3 dxe4 9. Nxe4 Bxb2 10. Rb1 Bg7 11. Qd2 Nd7 12. Qe3 Kf8 13. Be2 Ngf6 14. O-O Nd5 15. Qc1 Nxf4 16. Qxf4 Nf6 17. Ne5 Kg8 18. c3 Qe8 19. d4 Kh7 20. Bd3 Kg8 21. Bc4 Nd5 22. Qxf7+ Qxf7 23. Nxf7 Rh7 24. Nd8 e5 25. Nxb7 exd4 26. Na5 Kh8 27. Nxc6 Nxc3 28. Ne7 Be5 29. Rf8+ Kg7 30. Rg8# 1-0


[Site "https://www.chess.com"]

[Event "Titled Tuesday Blitz November 01 Early 2022"]
[White "Begunov, Konstantin"]
[Black "Aung Thant Zin"]
[WhiteFideId "4118510"]
[BlackFideId "13000063"]
[WhiteElo "2225"]
[BlackElo "2278"]
[Result "1/2-1/2"]
[Round "03"]
[TimeControl "180+1"]
[Date "2022.11.02"]
[WhiteClock "0:00:11"]
[BlackClock "0:00:11"]

1. d4 Nf6 2. c4 e6 3. Nf3 b6 4. g3 Ba6 5. Qa4 c6 6. Nc3 Be7 7. e4 d6 8. e5 dxe5 9. dxe5 Nfd7 10. Be3 O-O 11. Rd1 Qc7 12. Bg2 Nxe5 13. Nxe5 Qxe5 14. O-O Bb7 15. Bf4 Qh5 16. Ne4 b5 17. Qb3 Na6 18. cxb5 cxb5 19. Nf6+ Bxf6 20. Bxb7 Nc5 21. Qxb5 a6 22. Qa5 Bd8 23. Qb4 Nxb7 24. Qxb7 Bf6 25. Rd7 Qg6 26. b3 h5 27. Rc1 h4 28. Rcc7 h3 29. Qc6 Rad8 30. Rxd8 Rxd8 31. Qc1 Qg4 32. Rc8 Qf3 33. Rxd8+ Bxd8 34. Kf1 Bb6 35. Qc2 Qg2+ 36. Ke1 Qg1+ 37. Kd2 Qxf2+ 38. Kc3 Qf3+ 39. Kb2 Qg2 40. a4 f6 41. b4 g5 42. Bc1 Bd4+ 43. Kb3 Qxc2+ 44. Kxc2 Kf7 45. b5 axb5 46. axb5 e5 47. Kd3 Ke6 48. Be3 Kd5 49. Bxd4 exd4 50. b6 Kc6 51. Kxd4 Kxb6 52. Ke4 Kc6 53. Kf5 Kd5 54. Kxf6 Ke4 55. Kxg5 Kf3 56. g4 Kg2 57. Kf4 Kxh2 58. g5 Kg1 59. g6 h2 60. g7 h1=Q 61. g8=Q+ Qg2 62. Qxg2+ Kxg2 1/2-1/2


[Site "https://www.chess.com"]

[Event "Titled Tuesday Blitz November 01 Early 2022"]
[White "Belozerov, Andrei"]
[Black "Kamsky, Gata"]
[WhiteFideId "4120213"]
[BlackFideId "2000024"]
[WhiteElo "2360"]
[BlackElo "2666"]
[Result "1/2-1/2"]
[Round "03"]
[TimeControl "180+1"]
[Date "2022.11.01"]
[WhiteClock "0:01:16"]
[BlackClock "0:00:31"]

1. e4 e5 2. Bc4 Nf6 3. Nc3 Nc6 4. d3 Na5 5. Nge2 Nxc4 6. dxc4 d6 7. O-O Be7 8. b3 O-O 9. f3 c6 10. Be3 Be6 11. Qd2 d5 12. cxd5 cxd5 13. exd5 Nxd5 14. Nxd5 Qxd5 15. Qxd5 Bxd5 16. Rad1 Bc6 17. c4 b5 18. Nc3 bxc4 19. bxc4 Rfc8 20. Nd5 Bf8 21. Rc1 Bd7 22. Rfd1 Be6 23. c5 Rc6 24. Nb4 Rcc8 25. Nd5 Rab8 26. c6 Rb5 27. Nc3 Ra5 28. Ne4 Bxa2 29. Nd6 Bxd6 30. Rxd6 Rd5 31. Rxd5 Bxd5 32. Bxa7 Bxc6 33. Rb1 f6 34. Rb8 Rxb8 35. Bxb8 Kf7 36. Kf2 Ke6 37. Ke3 g5 38. g3 h5 39. f4 exf4+ 40. gxf4 g4 41. Ba7 h4 42. Kf2 Kf5 43. Bd4 Bd5 44. Bc3 g3+ 45. hxg3 h3 46. Kg1 Bf3 47. Kh2 Bg4 48. Bb2 Kg6 49. Bc3 Kf5 50. Bb2 Ke6 51. Bc3 f5 52. Bb2 Kd5 53. Be5 Ke4 54. Bf6 Kf3 55. Bg5 Kf2 56. Bh4 Kf3 57. Bg5 Ke4 58. Bh4 Kf3 59. Bg5 1/2-1/2


[Site "https://www.chess.com"]